TOP OF THE 1ST |
Arizona State University Sun Devils batting - Pitching for University of Virginia Cavaliers : LHP Jerry Trevizo
|
Pitching: LHP Jerry Trevizo
|
|
Batting: RHB Alonzo Cardona
|
0-0: Called Strike 0-1: Hit by Pitch
|
Batting: LHB Eric Russell
|
0-0: Ball 1-0: Foul Ball, location: 2F 1-1: Swinging Strike 1-2: Ball Alonzo Cardona is caught stealing 2nd base 2-6 2-2: Strikes out swinging
|
Batting: RHB Chris DeLuise
|
0-0: Called Strike 0-1: Ball 1-1: Foul Ball, location: 2F 1-2: Strikes out swinging
|
Top of the 1st over - 0 runs, 0 hits, 0 errors, 0 left on base; Arizona State University 0 - University of Virginia 0 |
BOTTOM OF THE 1ST |
University of Virginia Cavaliers batting - Pitching for Arizona State University Sun Devils : RHP Wallace Werner
|
Pitching: RHP Wallace Werner
|
|
Batting: RHB Scott Anderson
|
0-0: Ball 1-0: Ball 2-0: Foul Ball, location: 2F 2-1: Ball 3-1: Ground out 6-3 (Groundball, 6, EV 81.2 MPH)
|
Batting: LHB Edelberto Barbas
|
0-0: Ball 1-0: Foul Ball, location: 2F 1-1: Reached on error, E4 (Groundball, 34, EV 98.1 MPH)
|
Batting: LHB Alex Aguilar
|
0-0: Called Strike 0-1: Ball 1-1: Fielders Choice at 2nd, 4-6 (Groundball, 4, EV 87.5 MPH)
|
Batting: RHB Pedro Lopez
|
0-0: Ball 1-0: Ball 2-0: 2-RUN HOME RUN (Flyball, 9D, EV 98.8 MPH), Distance : 373 ft
|
Batting: RHB Mike Llamas
|
0-0: Ball 1-0: Called Strike 1-1: Foul Ball, location: 2F 1-2: Ball 2-2: SINGLE (Line Drive, 4D, EV 95.0 MPH)
|
Batting: LHB Josh Glass
|
0-0: Foul Ball, location: 2F 0-1: Ball 1-1: Foul Ball, location: 2F 1-2: SINGLE (Line Drive, 9LS, EV 90.0 MPH) Mike Llamas to second Runner from 2nd tries for 3rd, SAFE, throw by RF made to third
|
Batting: RHB Jose Velez
|
0-0: Ball 1-0: Fielders Choice at 2nd, 6-4 (Groundball, 6, EV 108.8 MPH)
|
Bottom of the 1st over - 2 runs, 3 hits, 1 error, 2 left on base; Arizona State University 0 - University of Virginia 2 |
TOP OF THE 2ND |
Arizona State University Sun Devils batting - Pitching for University of Virginia Cavaliers : LHP Jerry Trevizo
|
Batting: RHB Carl Evans
|
0-0: Ball 1-0: Called Strike 1-1: Swinging Strike 1-2: Strikes out looking
|
Batting: RHB Martin Boyle
|
0-0: Ball 1-0: Ball 2-0: SINGLE (Line Drive, 78S, EV 110.6 MPH)
|
Batting: LHB David Goad
|
0-0: Ball 1-0: Fly out, F6 (Popup, P, EV 80.6 MPH)
|
Batting: LHB Timon Giorgiou
|
0-0: Foul Ball, location: 2F 0-1: Foul Ball, location: 2F 0-2: Ball 1-2: Ball 2-2: Ball 3-2: SINGLE (Groundball, 4MD, EV 94.4 MPH) (infield hit) Martin Boyle to second
|
Batting: SHB Manny Aponte
|
0-0: Ball 1-0: Foul Ball, location: 2F 1-1: Ball 2-1: Foul Ball, location: 2F 2-2: Foul Ball, location: 2F 2-2: Fly out, F7 (Flyball, 7D, EV 105.0 MPH)
|
Top of the 2nd over - 0 runs, 2 hits, 0 errors, 2 left on base; Arizona State University 0 - University of Virginia 2 |
BOTTOM OF THE 2ND |
University of Virginia Cavaliers batting - Pitching for Arizona State University Sun Devils : RHP Wallace Werner
|
Batting: RHB Luke Bertrand
|
0-0: Called Strike 0-1: Ball 1-1: Called Strike 1-2: Ball 2-2: Ground out 6-3 (Groundball, 6, EV 105.6 MPH)
|
Batting: RHB Nick Cech
|
0-0: Ball 1-0: Ball 2-0: Foul Ball, location: 2F 2-1: Foul Ball, location: 2F 2-2: Foul Ball, location: 2F 2-2: Ball 3-2: Reached on error, E5 (Groundball, 5, EV 81.9 MPH)
|
Batting: RHB Scott Anderson
|
0-0: Fly out, F9 (Line Drive, 9, EV 91.2 MPH)
|
Batting: LHB Edelberto Barbas
|
0-0: Foul Ball, location: 2F 0-1: Foul Ball, location: 2F 0-2: Ball 1-2: Ball 2-2: Ball 3-2: Ground out 1-3 (Groundball, 13S, EV 72.5 MPH)
|
Bottom of the 2nd over - 0 runs, 0 hits, 1 error, 1 left on base; Arizona State University 0 - University of Virginia 2 |
TOP OF THE 3RD |
Arizona State University Sun Devils batting - Pitching for University of Virginia Cavaliers : LHP Jerry Trevizo
|
Batting: RHB J.J. Meach
|
0-0: Called Strike 0-1: Called Strike 0-2: Strikes out swinging
|
Batting: RHB Alonzo Cardona
|
0-0: Called Strike 0-1: Fly out, F7 (Flyball, 7D, EV 90.6 MPH)
|
Batting: LHB Eric Russell
|
0-0: Ground out 4-3 (Groundball, 34, EV 88.8 MPH)
|
Top of the 3rd over - 0 runs, 0 hits, 0 errors, 0 left on base; Arizona State University 0 - University of Virginia 2 |
BOTTOM OF THE 3RD |
University of Virginia Cavaliers batting - Pitching for Arizona State University Sun Devils : RHP Wallace Werner
|
Pitching: LHP Nick Segar
|
|
Batting: LHB Alex Aguilar
|
0-0: SINGLE (Line Drive, 6D, EV 96.2 MPH)
|
Batting: RHB Pedro Lopez
|
0-0: Called Strike 0-1: Ball 1-1: Ground out 3-1 (Groundball, 13, EV 83.8 MPH) Alex Aguilar to second
|
Batting: RHB Mike Llamas
|
0-0: Foul Ball, location: 2F 0-1: Ground out 4-3 (Groundball, 4, EV 83.8 MPH) Alex Aguilar to third
|
Batting: LHB Josh Glass
|
0-0: Foul Ball, location: 2F 0-1: Swinging Strike 0-2: Strikes out looking
|
Bottom of the 3rd over - 0 runs, 1 hit, 0 errors, 1 left on base; Arizona State University 0 - University of Virginia 2 |
TOP OF THE 4TH |
Arizona State University Sun Devils batting - Pitching for University of Virginia Cavaliers : LHP Jerry Trevizo
|
Batting: RHB Chris DeLuise
|
0-0: Ball 1-0: Ground out 4-3 (Groundball, 4S, EV 88.8 MPH)
|
Batting: RHB Carl Evans
|
0-0: Called Strike 0-1: Swinging Strike 0-2: Ball 1-2: Ground out 6-3 (Groundball, 6, EV 78.1 MPH)
|
Batting: RHB Martin Boyle
|
0-0: TRIPLE (Flyball, 78XD, EV 90.0 MPH)
|
Pitching: RHP Andy Cruz
|
|
Batting: LHB David Goad
|
0-0: SINGLE (Groundball, 34D, EV 101.9 MPH) (infield hit) Martin Boyle scores
|
Batting: LHB Timon Giorgiou
|
0-0: Called Strike 0-1: Foul Ball, location: 2F 0-2: Ball 1-2: Strikes out swinging
|
Top of the 4th over - 1 run, 2 hits, 0 errors, 1 left on base; Arizona State University 1 - University of Virginia 2 |
BOTTOM OF THE 4TH |
University of Virginia Cavaliers batting - Pitching for Arizona State University Sun Devils : LHP Nick Segar
|
Pitching: LHP Joe Morgan
|
|
Batting: RHB Jose Velez
|
0-0: Ball 1-0: Called Strike 1-1: DOUBLE (Flyball, 8LXD, EV 86.2 MPH) - OUT at third base trying to stretch hit.
|
Batting: RHB Luke Bertrand
|
0-0: Swinging Strike 0-1: Ball 1-1: Called Strike 1-2: Strikes out looking
|
Batting: RHB Nick Cech
|
0-0: Fly out, F4 (Line Drive, 4M, EV 66.9 MPH)
|
Bottom of the 4th over - 0 runs, 1 hit, 0 errors, 0 left on base; Arizona State University 1 - University of Virginia 2 |
TOP OF THE 5TH |
Arizona State University Sun Devils batting - Pitching for University of Virginia Cavaliers : RHP Andy Cruz
|
Now at C: Tony Montoya
|
|
Now at 1B: Tim Lloyd
|
|
Now at 2B: Jason Thresher
|
|
Now at 3B: Allen McCaskill
|
|
Now at SS: Alex Ruschin
|
|
Now in LF: Matt Morales
|
|
Now in CF: Ethan Lewis
|
|
Now in RF: Mitchell Archdeacon
|
|
Batting: SHB Manny Aponte
|
0-0: Swinging Strike 0-1: Foul Ball, location: 2F 0-2: Foul Ball, location: 2F 0-2: Foul Ball, location: 2F 0-2: Ball 1-2: Fly out, F7 (Line Drive, 7S, EV 88.8 MPH)
|
Batting: RHB J.J. Meach
|
0-0: Called Strike 0-1: Foul Ball, location: 2F 0-2: Ball 1-2: Ground out 5-3 (Groundball, 56, EV 83.8 MPH)
|
Pinch Hitting: RHB Kawenaula Kapali
|
0-0: Ball 1-0: Called Strike 1-1: Ground out 6-3 (Groundball, 6, EV 85.0 MPH)
|
Top of the 5th over - 0 runs, 0 hits, 0 errors, 0 left on base; Arizona State University 1 - University of Virginia 2 |
BOTTOM OF THE 5TH |
University of Virginia Cavaliers batting - Pitching for Arizona State University Sun Devils : LHP Joe Morgan
|
Pitching: RHP Josh Wolford
|
|
Now at C: Israel Tobias
|
|
Now at 1B: Burraga Iukini
|
|
Now at 2B: Kawenaula Kapali
|
|
Now at 3B: David Krebs
|
|
Now at SS: Bobby Johannsen
|
|
Now in LF: Dustin Gill
|
|
Batting: RHB Allen McCaskill
|
0-0: Foul Ball, location: 2F 0-1: Foul Ball, location: 2F 0-2: Ball 1-2: Ball 2-2: Strikes out swinging
|
Batting: RHB Leo Baxter
|
0-0: Ball 1-0: Ball 2-0: Ball 3-0: Swinging Strike 3-1: Ground out 3-1 (Groundball, 34, EV 95.0 MPH)
|
Batting: SHB Ethan Lewis
|
0-0: Ball 1-0: Ball 2-0: Called Strike 2-1: Ground out 1-3 (Groundball, 15S, EV 59.4 MPH)
|
Bottom of the 5th over - 0 runs, 0 hits, 0 errors, 0 left on base; Arizona State University 1 - University of Virginia 2 |
TOP OF THE 6TH |
Arizona State University Sun Devils batting - Pitching for University of Virginia Cavaliers : RHP Andy Cruz
|
Pinch Hitting: LHB Randy Marquez
|
0-0: Called Strike 0-1: Foul Ball, location: 2F 0-2: Ball 1-2: Ball 2-2: SOLO HOME RUN (Flyball, 9LD, EV 92.5 MPH), Distance : 345 ft
|
Batting: LHB Dustin Gill
|
0-0: Called Strike 0-1: Ground out 6-3 (Groundball, 6, EV 104.4 MPH)
|
Batting: LHB Burraga Iukini
|
0-0: Called Strike 0-1: Ball 1-1: Ball 2-1: Called Strike 2-2: Foul Ball, location: 2F 2-2: Strikes out swinging
|
Pitching: LHP Juan Quiroz
|
|
Batting: RHB David Krebs
|
0-0: Ball 1-0: Ball 2-0: Called Strike 2-1: Swinging Strike 2-2: Strikes out swinging
|
Top of the 6th over - 1 run, 1 hit, 0 errors, 0 left on base; Arizona State University 2 - University of Virginia 2 |
BOTTOM OF THE 6TH |
University of Virginia Cavaliers batting - Pitching for Arizona State University Sun Devils : RHP Josh Wolford
|
Pitching: RHP Kyle Mahalik
|
|
Now in RF: Randy Marquez
|
|
Batting: RHB Jason Thresher
|
0-0: Called Strike 0-1: Ground out 1-3 (Groundball, 15S, EV 69.4 MPH)
|
Batting: SHB Tim Lloyd
|
0-0: Called Strike 0-1: Called Strike 0-2: Strikes out swinging
|
Batting: RHB Matt Morales
|
0-0: Ball 1-0: Called Strike 1-1: Ball 2-1: Ball 3-1: Base on Balls
|
Batting: RHB Alex Ruschin
|
0-0: Ball 1-0: Ball 2-0: Ball 3-0: Base on Balls Matt Morales to second
|
Batting: RHB Tony Montoya
|
0-0: Ball 1-0: Ball 2-0: Foul Ball, location: 2F 2-1: Ball 3-1: Hit by Pitch Matt Morales to third Alex Ruschin to second
|
Pinch Hitting: RHB Jason Lambert
|
0-0: Called Strike 0-1: Ball Wild Pitch! Matt Morales scores Alex Ruschin to third Tony Montoya to second 1-1: Ball 2-1: Foul Ball, location: 2F 2-2: Ball 3-2: Fly out, F7 (Flyball, 7, EV 87.5 MPH)
|
Bottom of the 6th over - 1 run, 0 hits, 0 errors, 2 left on base; Arizona State University 2 - University of Virginia 3 |
TOP OF THE 7TH |
Arizona State University Sun Devils batting - Pitching for University of Virginia Cavaliers : LHP Juan Quiroz
|
Now in RF: Ray Nichter
|
|
Batting: RHB Bobby Johannsen
|
0-0: Ball 1-0: Swinging Strike 1-1: Swinging Strike 1-2: Strikes out swinging
|
Batting: LHB Timon Giorgiou
|
0-0: Swinging Strike 0-1: Foul Ball, location: 2F 0-2: Foul Ball, location: 2F 0-2: Ball 1-2: Ball 2-2: Foul Ball, location: 2F 2-2: Strikes out looking
|
Batting: RHB Jun-hyuk Leem
|
0-0: Foul Ball, location: 2F 0-1: Foul Ball, location: 2F 0-2: Strikes out looking
|
Top of the 7th over - 0 runs, 0 hits, 0 errors, 0 left on base; Arizona State University 2 - University of Virginia 3 |
BOTTOM OF THE 7TH |
University of Virginia Cavaliers batting - Pitching for Arizona State University Sun Devils : RHP Kyle Mahalik
|
Pitching: RHP Jon Allen
|
|
Batting: RHB Allen McCaskill
|
0-0: Ball 1-0: Ball 2-0: Ball 3-0: Called Strike 3-1: Called Strike 3-2: Ground out 5-3 (Groundball, 5, EV 110.0 MPH)
|
Batting: RHB Leo Baxter
|
0-0: Swinging Strike 0-1: Hit by Pitch
|
Pinch Runner at 1st Eddie Vidalez:
|
|
Batting: SHB Ethan Lewis
|
0-0: Ball 1-0: Foul Ball, location: 2F 1-1: Ball 2-1: Ball 3-1: Swinging Strike 3-2: Strikes out swinging
|
Batting: RHB Jason Thresher
|
0-0: Foul Ball, location: 2F 0-1: Called Strike 0-2: Ball 1-2: Foul Ball, location: 2F 1-2: Ball 2-2: Strikes out looking
|
Bottom of the 7th over - 0 runs, 0 hits, 0 errors, 1 left on base; Arizona State University 2 - University of Virginia 3 |
TOP OF THE 8TH |
Arizona State University Sun Devils batting - Pitching for University of Virginia Cavaliers : LHP Juan Quiroz
|
Pitching: RHP Jason Odle
|
|
Batting: RHB Israel Tobias
|
0-0: Ball 1-0: Foul Ball, location: 2F 1-1: Ball 2-1: Ball 3-1: Foul Ball, location: 2F 3-2: Base on Balls
|
Batting: RHB Kawenaula Kapali
|
0-0: Bunt missed! 0-1: Bunt missed! 0-2: Strikes out swinging
|
Batting: LHB Randy Marquez
|
0-0: Ball 1-0: Foul Ball, location: 2F 1-1: Fielders Choice at 2nd, 6-4 (Groundball, 56, EV 83.8 MPH)
|
Batting: LHB Dustin Gill
|
0-0: Called Strike 0-1: Fly out, F9 (Flyball, 9LSF, EV 82.5 MPH)
|
Top of the 8th over - 0 runs, 0 hits, 0 errors, 1 left on base; Arizona State University 2 - University of Virginia 3 |
BOTTOM OF THE 8TH |
University of Virginia Cavaliers batting - Pitching for Arizona State University Sun Devils : RHP Jon Allen
|
Pitching: RHP Joe Ledrew
|
|
Batting: SHB Tim Lloyd
|
0-0: Fly out, F8 (Line Drive, 8LD, EV 99.4 MPH)
|
Batting: RHB Matt Morales
|
0-0: SINGLE (Groundball, 56S, EV 69.4 MPH) (infield hit)
|
Pinch Hitting: RHB Rob Coble
|
0-0: Called Strike 0-1: Ball 1-1: Fly out, F8 (Flyball, 8RM, EV 91.2 MPH)
|
Pinch Hitting: LHB Juan Castillo
|
0-0: Ball 1-0: Ball 2-0: Ball 3-0: Called Strike 3-1: Called Strike 3-2: Base on Balls Matt Morales to second
|
Batting: LHB Ray Nichter
|
0-0: Ball 1-0: Swinging Strike 1-1: Called Strike 1-2: Strikes out swinging
|
Bottom of the 8th over - 0 runs, 1 hit, 0 errors, 2 left on base; Arizona State University 2 - University of Virginia 3 |
TOP OF THE 9TH |
Arizona State University Sun Devils batting - Pitching for University of Virginia Cavaliers : RHP Jason Odle
|
Pitching: RHP Brian Ryan
|
|
Now at C: Mink Hendriks
|
|
Now at SS: Maurice McDonald
|
|
Batting: LHB Burraga Iukini
|
0-0: Ball 1-0: Ball 2-0: Ball 3-0: Called Strike 3-1: Swinging Strike 3-2: Base on Balls
|
Pinch Hitting: RHB Rusty Gee
|
0-0: Foul Ball, location: 2F 0-1: Ball 1-1: Ball 2-1: Swinging Strike 2-2: Ball 3-2: Foul Ball, location: 2F 3-2: Foul Ball, location: 2F 3-2: Strikes out swinging
|
Pinch Hitting: LHB Ricky Hernandez
|
0-0: Called Strike 0-1: Foul Ball, location: 2F 0-2: Strikes out swinging
|
Batting: LHB Timon Giorgiou
|
0-0: Ball 1-0: Called Strike 1-1: Swinging Strike 1-2: Strikes out swinging
|
Top of the 9th over - 0 runs, 0 hits, 0 errors, 1 left on base; Arizona State University 2 - University of Virginia 3 |
|